PAAA
ALASKAN HUMPBACKS @ BLOOMINGTON LONGNECKS
06/21/2042
 
TOP OF THE 1ST
Alaskan Humpbacks batting - Pitching for Bloomington Longnecks : RHP Jesús Franco
Pitching: RHP Jesús Franco
Batting: LHB Marc Hayman 0-0: Foul Ball, location: 2F
0-1: Ball
1-1: Foul Ball, location: 2F
1-2: Ground out 6-3 (Groundball, 6, EV 100.0 MPH)
Batting: RHB António Etxebarria 0-0: Called Strike
0-1: Ball
1-1: Foul Ball, location: 2F
1-2: Foul Ball, location: 2F
1-2: Foul Ball, location: 2F
1-2: Ball
2-2: Foul Ball, location: 2F
2-2: Ball
3-2: Fly out, F7 (Line Drive, 7, EV 85.0 MPH)
Batting: LHB Teng Xuefeng 0-0: Swinging Strike
0-1: Ball
1-1: Single, Error in OF, E7, batter to second base (Groundball, 56D, EV 105.6 MPH)
Batting: RHB Christiaan Bunschoten 0-0: Ball
1-0: Called Strike
1-1: Swinging Strike
1-2: Strikes out swinging
Top of the 1st over - 0 runs, 1 hit, 1 error, 1 left on base; Alaskan 0 - Bloomington 0
BOTTOM OF THE 1ST
Bloomington Longnecks batting - Pitching for Alaskan Humpbacks : RHP Iván Vázquez
Pitching: RHP Iván Vázquez
Batting: LHB Sherman Kline 0-0: Called Strike
0-1: Foul Ball, location: 2F
0-2: Strikes out swinging
Batting: RHB Dylan Stavely 0-0: Ball
1-0: Ball
2-0: Fly out, F9 (Flyball, 9LM, EV 90.6 MPH)
Batting: LHB Leonid Machehin 0-0: Ground out U3 (Groundball, 3S, EV 88.8 MPH)
Bottom of the 1st over - 0 runs, 0 hits, 0 errors, 0 left on base; Alaskan 0 - Bloomington 0
TOP OF THE 2ND
Alaskan Humpbacks batting - Pitching for Bloomington Longnecks : RHP Jesús Franco
Batting: LHB Roberts Hamhock 0-0: Ball
1-0: Swinging Strike
1-1: Ball
2-1: Ball
3-1: Foul Ball, location: 2F
3-2: SOLO HOME RUN (Flyball, 9D, EV 92.5 MPH), Distance : 355 ft
Batting: RHB Domingo Altamirańo 0-0: Ball
1-0: Foul Ball, location: 2F
1-1: Ball
2-1: Fly out, F7 (Flyball, 7D, EV 101.9 MPH)
Batting: RHB Marcos Luna 0-0: Swinging Strike
0-1: Ball
1-1: Ball
2-1: Foul Ball, location: 2F
2-2: Foul Ball, location: 2F
2-2: Ball
3-2: Hit by Pitch
Batting: RHB Justin Forbes 0-0: Ball
1-0: Foul Ball, location: 2F
1-1: Foul Ball, location: 2F
1-2: Ball
2-2: Foul Ball, location: 2F
2-2: Foul Ball, location: 2F
2-2: Foul Ball, location: 2F
2-2: SINGLE (Flyball, 9S, EV 90.0 MPH)
Marcos Luna to second
Batting: RHB Bobby McFillin 0-0: Called Strike
0-1: Fly out, F9 (Flyball, 9, EV 90.0 MPH)
Batting: LHB Marc Hayman 0-0: Ball
1-0: Ball
2-0: Ball
3-0: Called Strike
3-1: Fly out, F9 (Flyball, 89S, EV 95.0 MPH)
Top of the 2nd over - 1 run, 2 hits, 0 errors, 2 left on base; Alaskan 1 - Bloomington 0
BOTTOM OF THE 2ND
Bloomington Longnecks batting - Pitching for Alaskan Humpbacks : RHP Iván Vázquez
Batting: LHB John Schaefer 0-0: Ball
1-0: Called Strike
1-1: Ball
2-1: Called Strike
2-2: Foul Ball, location: 2F
2-2: Ball
3-2: Strikes out swinging
Batting: RHB Ignacio Páez 0-0: Called Strike
0-1: Foul Ball, location: 2F
0-2: Strikes out looking
Batting: RHB Dao-zi Zhan 0-0: Ball
1-0: Ball
2-0: Called Strike
2-1: Foul Ball, location: 2F
2-2: Foul Ball, location: 2F
2-2: Ground out 6-3 (Groundball, 6, EV 100.0 MPH)
Bottom of the 2nd over - 0 runs, 0 hits, 0 errors, 0 left on base; Alaskan 1 - Bloomington 0
TOP OF THE 3RD
Alaskan Humpbacks batting - Pitching for Bloomington Longnecks : RHP Jesús Franco
Batting: RHB António Etxebarria 0-0: Ball
1-0: Ball
2-0: Ball
3-0: Called Strike
3-1: Swinging Strike
3-2: Foul Ball, location: 2F
3-2: Foul Ball, location: 2F
3-2: Strikes out looking
Batting: LHB Teng Xuefeng 0-0: Ball
1-0: Swinging Strike
1-1: Foul Ball, location: 2F
1-2: Ball
2-2: Strikes out swinging
Batting: RHB Christiaan Bunschoten 0-0: Ball
1-0: Ball
2-0: Ball
3-0: Called Strike
3-1: Base on Balls
Batting: LHB Roberts Hamhock 0-0: Ball
1-0: Foul Ball, location: 2F
Pickoff Throw to First - Out! 1-3
Top of the 3rd over - 0 runs, 0 hits, 0 errors, 0 left on base; Alaskan 1 - Bloomington 0
BOTTOM OF THE 3RD
Bloomington Longnecks batting - Pitching for Alaskan Humpbacks : RHP Iván Vázquez
Batting: RHB Nelson Jaramillo 0-0: Ball
1-0: Ball
2-0: Ball
3-0: Base on Balls
Batting: RHB James Strickland 0-0: Ball
1-0: Called Strike
1-1: Ball
2-1: Swinging Strike
2-2: Foul Ball, location: 2F
2-2: Ball
3-2: Strikes out looking
Batting: RHB Charles Sheffield 0-0: Ball
1-0: Ball
2-0: Called Strike
2-1: Swinging Strike
2-2: Fly out, F7 (Flyball, 7D, EV 86.2 MPH)
Batting: LHB Sherman Kline 0-0: Called Strike
0-1: Ball
1-1: Foul Ball, location: 2F
1-2: SINGLE (Line Drive, 56, EV 108.1 MPH)
Nelson Jaramillo to second
Batting: RHB Dylan Stavely 0-0: Foul Ball, location: 2F
0-1: Swinging Strike
0-2: Ball
1-2: Strikes out looking
Bottom of the 3rd over - 0 runs, 1 hit, 0 errors, 2 left on base; Alaskan 1 - Bloomington 0
TOP OF THE 4TH
Alaskan Humpbacks batting - Pitching for Bloomington Longnecks : RHP Jesús Franco
Batting: LHB Roberts Hamhock 0-0: Called Strike
0-1: Ball
1-1: Ball
2-1: Foul Ball, location: 2F
2-2: Strikes out looking
Batting: RHB Domingo Altamirańo 0-0: Foul Ball, location: 2F
0-1: Ball
1-1: Called Strike
1-2: Strikes out swinging
Batting: RHB Marcos Luna 0-0: Ball
1-0: Ball
2-0: Swinging Strike
2-1: Foul Ball, location: 2F
2-2: Ground out 1-3 (Groundball, 15S, EV 64.4 MPH)
Top of the 4th over - 0 runs, 0 hits, 0 errors, 0 left on base; Alaskan 1 - Bloomington 0
BOTTOM OF THE 4TH
Bloomington Longnecks batting - Pitching for Alaskan Humpbacks : RHP Iván Vázquez
Batting: LHB Leonid Machehin 0-0: Called Strike
0-1: Ball
1-1: Ball
2-1: Ball
3-1: Base on Balls
Batting: LHB John Schaefer 0-0: Ball
1-0: Foul Ball, location: 2F
1-1: Ball
2-1: Ball
3-1: Base on Balls
Leonid Machehin to second
Batting: RHB Ignacio Páez 0-0: Ball
1-0: SINGLE (Line Drive, 78S, EV 105.0 MPH)
Leonid Machehin to third
John Schaefer to second
Batting: RHB Dao-zi Zhan 0-0: Ball
1-0: Fly out, F8 (Flyball, 8LD, EV 79.4 MPH)
Runner from 3rd tags up, SCORES, throw by CF
Batting: RHB Nelson Jaramillo 0-0: Ball
1-0: SINGLE (Groundball, 56D, EV 98.1 MPH)
John Schaefer to third
Ignacio Páez to second
Runner from 3rd tries for Home, SAFE, no throw by LF
Batting: RHB James Strickland 0-0: Hit by Pitch
Ignacio Páez to third
Nelson Jaramillo to second
Batting: RHB Charles Sheffield 0-0: Fly out, F9 (Flyball, 89S, EV 88.1 MPH)
Batting: LHB Sherman Kline 0-0: Foul Ball, location: 2F
0-1: Ball
1-1: Called Strike
1-2: Foul Ball, location: 2F
1-2: Foul Ball, location: 2F
1-2: Ball
2-2: SINGLE (Flyball, 34D, EV 88.8 MPH)
Ignacio Páez scores
Nelson Jaramillo to third
James Strickland to second
Runner from 3rd tries for Home, SAFE, throw by RF to home
Batting: RHB Dylan Stavely 0-0: Called Strike
0-1: Ground out 1-3 (Groundball, 15S, EV 68.8 MPH)
Bottom of the 4th over - 4 runs, 3 hits, 0 errors, 2 left on base; Alaskan 1 - Bloomington 4
TOP OF THE 5TH
Alaskan Humpbacks batting - Pitching for Bloomington Longnecks : RHP Jesús Franco
Batting: RHB Justin Forbes 0-0: Called Strike
0-1: Called Strike
0-2: Ball
1-2: Fly out, F9 (Flyball, 89M, EV 78.1 MPH)
Pitching: LHP Neal Burns
Batting: RHB Bobby McFillin 0-0: Called Strike
0-1: TRIPLE (Flyball, 78XD, EV 108.1 MPH)
Batting: LHB Marc Hayman 0-0: Foul Ball, location: 2F
0-1: Foul Ball, location: 2F
0-2: Foul Ball, location: 2F
0-2: Ball
1-2: Strikes out swinging
Batting: RHB António Etxebarria 0-0: SINGLE (Line Drive, 9LM, EV 99.4 MPH)
Bobby McFillin scores
Batting: LHB Teng Xuefeng 0-0: Ball
1-0: Ball
2-0: Ground out 4-3 (Groundball, 4, EV 84.4 MPH)
Top of the 5th over - 1 run, 2 hits, 0 errors, 1 left on base; Alaskan 2 - Bloomington 4
BOTTOM OF THE 5TH
Bloomington Longnecks batting - Pitching for Alaskan Humpbacks : RHP Iván Vázquez
Batting: LHB Leonid Machehin 0-0: Ball
1-0: Called Strike
1-1: Called Strike
1-2: Foul Ball, location: 2F
1-2: Foul Ball, location: 2F
1-2: Foul Ball, location: 2F
1-2: Ball
2-2: Ball
3-2: SINGLE (Flyball, 78M, EV 95.6 MPH)
Batting: LHB John Schaefer 0-0: Called Strike
0-1: Ball
1-1: Ball
2-1: Ball
3-1: Foul Ball, location: 2F
3-2: Strikes out swinging
Batting: RHB Ignacio Páez 0-0: Ball
1-0: Ball
2-0: Ball
3-0: Foul Ball, location: 2F
3-1: Grounds into double play, 5-4-3 (Groundball, 56, EV 96.9 MPH)
Bottom of the 5th over - 0 runs, 1 hit, 0 errors, 0 left on base; Alaskan 2 - Bloomington 4
TOP OF THE 6TH
Alaskan Humpbacks batting - Pitching for Bloomington Longnecks : LHP Neal Burns
Batting: RHB Christiaan Bunschoten 0-0: Foul Ball, location: 2F
0-1: Ball
1-1: Foul Ball, location: 2F
1-2: Reached on error, E6 (Groundball, 6, EV 76.2 MPH)
Batting: LHB Roberts Hamhock 0-0: Called Strike
0-1: Ball
1-1: Called Strike
1-2: Ball
2-2: Foul Ball, location: 2F
2-2: Fielders Choice at 2nd, 2-4 (Groundball, 15S, EV 68.8 MPH)
Batting: RHB Domingo Altamirańo 0-0: Called Strike
0-1: Ball
1-1: Fly out, F8 (Flyball, 8LM, EV 85.0 MPH)
Batting: RHB Marcos Luna 0-0: Called Strike
0-1: SINGLE (Line Drive, 8RS, EV 98.1 MPH)
Roberts Hamhock to second
Batting: RHB Justin Forbes 0-0: Ball
1-0: Fly out, F8 (Flyball, 8LXD, EV 100.0 MPH)
Top of the 6th over - 0 runs, 1 hit, 1 error, 2 left on base; Alaskan 2 - Bloomington 4
BOTTOM OF THE 6TH
Bloomington Longnecks batting - Pitching for Alaskan Humpbacks : RHP Iván Vázquez
Pitching: RHP Júlio Gutiérrez
Batting: RHB Dao-zi Zhan 0-0: Called Strike
0-1: Ball
1-1: Ball
2-1: Ball
3-1: Foul Ball, location: 2F
3-2: Foul Ball, location: 2F
3-2: Foul Ball, location: 2F
3-2: Strikes out looking
Batting: RHB Nelson Jaramillo 0-0: Ball
1-0: Ball
2-0: Swinging Strike
2-1: Ball
3-1: Base on Balls
Batting: RHB James Strickland 0-0: SINGLE (Groundball, 56D, EV 100.0 MPH)
Nelson Jaramillo to second
Batting: RHB Charles Sheffield 0-0: Called Strike
Nelson Jaramillo steals 3rd base
James Strickland to second
0-1: Ground out 5-3 (Groundball, 56, EV 78.8 MPH)
Nelson Jaramillo scores
Batting: LHB Sherman Kline 0-0: Ball
1-0: Foul Ball, location: 2F
1-1: Foul Ball, location: 2F
1-2: Fly out, F8 (Flyball, 8RS, EV 93.8 MPH)
Bottom of the 6th over - 1 run, 1 hit, 0 errors, 1 left on base; Alaskan 2 - Bloomington 5
TOP OF THE 7TH
Alaskan Humpbacks batting - Pitching for Bloomington Longnecks : LHP Neal Burns
Batting: RHB Bobby McFillin 0-0: Called Strike
0-1: Ball
1-1: Ball
2-1: Foul Ball, location: 2F
2-2: Fly out, F7 (Flyball, 7D, EV 95.0 MPH)
Batting: LHB Marc Hayman 0-0: Ball
1-0: Called Strike
1-1: Ball
2-1: Foul Ball, location: 2F
2-2: Foul Ball, location: 2F
2-2: Ball
3-2: Fly out, F8 (Flyball, 89M, EV 85.6 MPH)
Batting: RHB António Etxebarria 0-0: Called Strike
0-1: Foul Ball, location: 2F
0-2: Ball
1-2: Ball
2-2: Strikes out looking
Top of the 7th over - 0 runs, 0 hits, 0 errors, 0 left on base; Alaskan 2 - Bloomington 5
BOTTOM OF THE 7TH
Bloomington Longnecks batting - Pitching for Alaskan Humpbacks : RHP Júlio Gutiérrez
Batting: RHB Dylan Stavely 0-0: Foul Ball, location: 2F
0-1: Ball
1-1: Fly out, F9 (Flyball, 9, EV 86.9 MPH)
Batting: LHB Leonid Machehin 0-0: Swinging Strike
0-1: Ball
1-1: Ball
2-1: Called Strike
2-2: Ball
3-2: Base on Balls
Batting: LHB John Schaefer 0-0: Ball
1-0: Foul Ball, location: 2F
1-1: Swinging Strike
1-2: Foul Ball, location: 2F
1-2: Ball
2-2: Foul Ball, location: 2F
2-2: Strikes out looking
Batting: RHB Ignacio Páez 0-0: Ball
1-0: Swinging Strike
1-1: Swinging Strike
1-2: Ball
2-2: Ball
3-2: Foul Ball, location: 2F
3-2: Base on Balls
Leonid Machehin to second
Batting: RHB Dao-zi Zhan 0-0: Ball
1-0: Foul Ball, location: 2F
1-1: Foul Ball, location: 2F
1-2: Ball
2-2: SINGLE (Groundball, 6D, EV 106.9 MPH)
Leonid Machehin to third
Ignacio Páez to second
Runner from 3rd tries for Home, SAFE, throw by LF to home
Batting: RHB Nelson Jaramillo 0-0: Ball
1-0: Fielders Choice at 2nd, 6-4 (Groundball, 6, EV 106.2 MPH)
Bottom of the 7th over - 1 run, 1 hit, 0 errors, 2 left on base; Alaskan 2 - Bloomington 6
TOP OF THE 8TH
Alaskan Humpbacks batting - Pitching for Bloomington Longnecks : LHP Neal Burns
Batting: LHB Teng Xuefeng 0-0: Called Strike
0-1: Swinging Strike
0-2: Foul Ball, location: 2F
0-2: Foul Ball, location: 2F
0-2: Ball
1-2: Ground out U3 (Groundball, 3L, EV 102.5 MPH)
Batting: RHB Christiaan Bunschoten 0-0: Ball
1-0: DOUBLE (Flyball, 8RXD, EV 104.4 MPH)
Pitching: RHP Georges Cormier
Batting: LHB Roberts Hamhock 0-0: Called Strike
0-1: Ball
1-1: Swinging Strike
1-2: Strikes out swinging
Batting: RHB Domingo Altamirańo 0-0: Called Strike
0-1: Ball
1-1: Foul Ball, location: 2F
1-2: SINGLE (Line Drive, 8LS, EV 103.1 MPH)
Christiaan Bunschoten to third
Pitching: RHP Reid Ross
Batting: RHB Marcos Luna 0-0: Ball
1-0: Fielders Choice at 2nd, U6 (Groundball, 6M, EV 87.5 MPH)
Top of the 8th over - 0 runs, 2 hits, 0 errors, 2 left on base; Alaskan 2 - Bloomington 6
BOTTOM OF THE 8TH
Bloomington Longnecks batting - Pitching for Alaskan Humpbacks : RHP Júlio Gutiérrez
Batting: RHB James Strickland 0-0: Called Strike
0-1: Ground out 6-3 (Groundball, 6, EV 89.4 MPH)
Batting: RHB Charles Sheffield 0-0: Called Strike
0-1: Swinging Strike
0-2: Ground out 6-3 (Groundball, 6, EV 81.9 MPH)
Batting: LHB Sherman Kline 0-0: Foul Ball, location: 2F
0-1: Ball
1-1: Swinging Strike
1-2: Foul Ball, location: 2F
1-2: Foul Ball, location: 2F
1-2: Ball
2-2: Ball
3-2: Foul Ball, location: 2F
3-2: Foul Ball, location: 2F
3-2: Base on Balls
Pitching: RHP Mau Delgado
Batting: RHB Dylan Stavely 0-0: Called Strike
0-1: Ball
1-1: Swinging Strike
1-2: Foul Ball, location: 2F
1-2: Foul Ball, location: 2F
1-2: Ground out 3-1 (Groundball, 3S, EV 83.8 MPH)
Bottom of the 8th over - 0 runs, 0 hits, 0 errors, 1 left on base; Alaskan 2 - Bloomington 6
TOP OF THE 9TH
Alaskan Humpbacks batting - Pitching for Bloomington Longnecks : RHP Reid Ross
Batting: RHB Justin Forbes 0-0: Called Strike
0-1: SOLO HOME RUN (Flyball, 8RXD, EV 109.4 MPH), Distance : 436 ft
Batting: RHB Bobby McFillin 0-0: Single, Error in OF, E7, batter to second base (Line Drive, 5D, EV 93.8 MPH)
Batting: LHB Marc Hayman 0-0: Swinging Strike
0-1: Ball
1-1: Fly out, F7 (Flyball, 7LMF, EV 84.4 MPH)
Batting: RHB António Etxebarria 0-0: Ball
1-0: Called Strike
1-1: Ball
2-1: Swinging Strike
2-2: Strikes out swinging
Batting: LHB Teng Xuefeng 0-0: Ball
1-0: Ball
2-0: Fly out, F8 (Line Drive, 8LM, EV 94.4 MPH)
Top of the 9th over - 1 run, 2 hits, 1 error, 1 left on base; Alaskan 3 - Bloomington 6
Friday, March 26th, 2021 - OOTP Baseball 20.8 Build 74